 Dungeon Crawl Stone Soup version 0.31-a0-145-g046c7d2549 (webtiles) character file.

Game seed: 972410919362223875

529545 ragingrage the Slayer (level 25, -20/207 (214) HPs)
             Began as a Barachi Brigand on June 2, 2023.
             Was the Champion of Okawaru.
             Killed from afar by a deep elf annihilator (46 damage)
             ... with a bolt of lightning
             ... led by a deep elf high priest
             ... on level 5 of the Vaults on June 5, 2023.
             The game lasted 01:50:38 (66019 turns).

ragingrage the Slayer (Barachi Brigand)            Turns: 66019, Time: 01:50:38

HP:   -20/207 (214) AC: 38    Str: 18    XL:     25   Next: 58%
MP:   32/32         EV: 25    Int: 13    God:    Okawaru [******]
Gold: 6161          SH: 17    Dex: 24    Spells: 16/24 levels left

rFire   + . .        a - +9 demon blade (drain)
rCold   + . .        k - +1 kite shield {AC+3}
rNeg    . . .        c - +4 ring mail of Leaves {rF++ Will++ Str+2}
rPois   +            m - +2 helmet {SInv}
rElec   .            B - +2 cloak
rCorr   .            q - +2 pair of gloves
SInv    +            I - +2 pair of boots {Stlth+}
Will    +++++        W - amulet of regeneration
Stlth   ++++         C - ring "Hopud" {Ice rPois Will++ Dex+3 Stlth+}
HPRegen 1.34/turn    g - ring of the Tortoise {AC+8}
MPRegen 0.23/turn

%: no passive effects
@: lethally poisoned (-20 -> -23), wereblooded, unable to hop, studying
Invocations, lightly drained, slow
A: amphibious, slowness 1, strong legs 2, +LOS
}: 3/15 runes: serpentine, barnacled, silver
a: Hop, Renounce Religion, Heroism, Finesse, Duel


You were on level 5 of the Vaults.
You worshipped Okawaru.
Okawaru was exalted by your worship.
You visited 8 branches of the dungeon, and saw 42 of its levels.
You also visited: Trove, Sewer, Bailey and Volcano.

You collected 10420 gold pieces.
You spent 4259 gold pieces at shops.

Inventory:

Hand Weapons
 a - a +9 demon blade of draining (weapon)
Missiles
 d - 112 poisoned darts
 e - 30 curare-tipped darts
 p - 2 throwing nets
 E - 20 boomerangs (quivered)
 N - 26 javelins
 O - a datura-tipped dart
 P - 6 silver javelins
Armour
 c - the +4 ring mail of Leaves (worn) {rF++ Will++ Str+2}
   (You found it on level 2 of the Vaults)

   Str:       It affects your strength (+2).
   rF:        It greatly protects you from fire.
   Will:      It greatly increases your willpower.
 k - a +1 kite shield of protection (worn)
 m - a +2 helmet of see invisible (worn)
 q - a +2 pair of gloves (worn)
 B - a +2 cloak (worn)
 I - a +2 pair of boots of stealth (worn)
Jewellery
 g - the ring of the Tortoise (right hand) {AC+8}
   (You found it on level 4 of the Depths)

   [ring of protection]

   AC:        It affects your AC (+8).
 C - the ring "Hopud" (left hand) {Ice rPois Will++ Dex+3 Stlth+}
   (You acquired it on level 1 of the Snake Pit)

   [ring of ice]

   It enhances your ice magic.
   Dex:       It affects your dexterity (+3).
   rF:        It makes you vulnerable to fire.
   rC:        It protects you from cold.
   rPois:     It protects you from poison.
   Will:      It greatly increases your willpower.
   Stlth:     It makes you more stealthy.
 K - a ring of protection from fire
 R - the ring "Maxegi Puid" {rElec Str+4 Int+6}
   (You found it on level 1 of the Lair of Beasts)

   [ring of intelligence]

   Str:       It affects your strength (+4).
   Int:       It affects your intelligence (+6).
   rElec:     It insulates you from electricity.
 W - an amulet of regeneration (around neck)
Wands
 b - a wand of mindburst (9)
 s - a wand of light (28)
 G - a wand of iceblast (39)
 M - a wand of flame (41)
 S - a wand of digging (20)
Scrolls
 i - 6 scrolls of fear
 r - 9 scrolls of fog
 u - 3 scrolls of poison
 x - 8 scrolls of magic mapping
 y - 2 scrolls of silence
 H - 17 scrolls of teleportation
 J - 10 scrolls of blinking
 L - 6 scrolls of enchant armour
 Q - 8 scrolls of immolation
 X - 2 scrolls of torment
Potions
 f - 4 potions of heal wounds
 h - 11 potions of enlightenment
 l - 6 potions of mutation
 n - 3 potions of magic
 o - 4 potions of berserk rage
 t - 10 potions of might
 v - 4 potions of ambrosia
 w - 18 potions of curing
 z - 10 potions of brilliance
 A - 2 potions of invisibility
 D - 8 potions of haste
 F - 2 potions of resistance
 T - 4 potions of attraction
 U - 6 potions of lignification
 Z - 3 potions of cancellation
Miscellaneous
 j - a phial of floods (inert)
 V - a tin of tremorstones (1/2)
 Y - a lightning rod (4/4)


   Skills:
 - Level 21.0 Fighting
 - Level 9.7(14.7) Short Blades
 - Level 19.0(20.0) Long Blades
 - Level 18.0 Throwing
 - Level 17.0 Armour
 + Level 18.4 Dodging
 - Level 3.6 Stealth
 + Level 16.5 Shields
 - Level 8.0 Hexes
 - Level 9.0 Transmutations
 - Level 12.0 Invocations
 - Level 17.0 Evocations


You had 16 spell levels left.
You knew the following spells:

 Your Spells              Type           Power      Damage    Failure   Level
a - Wereblood             Tmut           23%        N/A       2%          2
b - Vhi's Electric Charg  Tloc/Air       0%         N/A       90%         3
c - Confusing Touch       Hex            20%        N/A       8%          3

Your spell library contained the following spells:

 Spells                   Type           Power      Damage    Failure   Level
 Beastly Appendage        Tmut           46%        N/A       1%          1
 Cause Fear               Hex            10%        N/A       26%         4
 Spider Form              Tmut/Pois      11%        N/A       32%         3
 Dazzling Flash           Conj/Hex       20%        N/A       36%         3
 Ignite Poison            Fire/Tmut/Pois 7%         N/A       52%         3
 Foxfire                  Conj/Fire      0%         2x1d4     56%         1
 Kiss of Death            Conj/Necr      0%         2d5       56%         1
 Magic Dart               Conj           0%         1d3       56%         1
 Cigotuvi's Dreadful Rot  Necr/Pois/Air  0%         N/A       71%         2
 Lesser Beckoning         Tloc           0%         N/A       71%         2
 Momentum Strike          Conj/Tloc      0%         3d8       71%         2
 Poisonous Vapours        Pois/Air       0%         N/A       71%         2
 Searing Ray              Conj           0%         2d4       71%         2
 Sublimation of Blood     Necr           0%         N/A       71%         2
 Ice Form                 Ice/Tmut       17%        N/A       71%         4
 Petrify                  Tmut/Erth      11%        N/A       71%         4
 Anguish                  Hex/Necr       5%         N/A       78%         4
 Fulminant Prism          Conj/Hex       5%         3d7       78%         4
 Gell's Gravitas          Tloc           0%         N/A       90%         3
 Hailstorm                Conj/Ice       0%         3d3       90%         3
 Mephitic Cloud           Conj/Pois/Air  0%         N/A       90%         3
 Teleport Other           Tloc           0%         N/A       90%         3
 Volatile Blastmotes      Fire/Tloc      0%         2d10      90%         3
 Irradiate                Conj/Tmut      5%         3d13      96%         5
 Metabolic Englaciation   Hex/Ice        7%         N/A       98%         5
 Silence                  Hex/Air        5%         N/A       98%         5
 Dispel Undead            Necr           0%         3d6       100%        4
 Iskenderun's Mystic Bla  Conj/Tloc      0%         2d3       100%        4
 Agony                    Necr           0%         N/A       100%        5
 Arcjolt                  Conj/Air       0%         1d10      100%        5
 Fireball                 Conj/Fire      0%         3d3       100%        5
 Freezing Cloud           Conj/Ice/Air   0%         6-21      100%        5
 Iskenderun's Battlesphe  Conj           0%         2d6       100%        5
 Lee's Rapid Deconstruct  Erth           0%         3d4*      100%        5
 Leda's Unmaking          Conj/Erth      0%         9d1       100%        6
 Plasma Beam              Fire/Air       0%         2x1d10    100%        6
 Starburst                Conj/Fire      0%         6d3       100%        6
 Statue Form              Tmut/Erth      7%         N/A       100%        6
 Dragon Form              Tmut           11%        N/A       100%        7
 Borgnjor's Revivificati  Necr           0%         N/A       100%        8
 Maxwell's Capacitive Co  Air            0%         ∞         100%        8
 Necromutation            Tmut/Necr      5%         N/A       100%        8
 Chain Lightning          Conj/Air       0%         N/A       100%        9
 Death's Door             Necr           0%         N/A       100%        9
 Call Imp                 Summ           Unusable   N/A       N/A         2
 Simulacrum               Ice/Necr       Unusable   N/A       N/A         6
 Spellforged Servitor     Conj/Summ      Unusable   N/A       N/A         7
 Summon Hydra             Summ           Unusable   N/A       N/A         7
 Dragon's Call            Summ           Unusable   N/A       N/A         9

Dungeon Overview and Level Annotations

Branches:
Dungeon (15/15)            Temple (0/1) D:5            Lair (5/5) D:9
 Shoals (4/4) Lair:3        Snake (4/4) Lair:2        Slime (0/5) Lair:4
    Orc (2/2) D:11            Elf (3/3) Orc:2        Vaults (5/5) D:14
  Crypt (0/3) Vaults:3     Depths (4/4) D:15            Zot (0/5) Depths:4
  Sewer (visited)          Bailey (visited)         Volcano (visited)

Altars:
Cheibriados
Dithmenos
Elyvilon
Fedhas
Kikubaaqudgha
Makhleb
Nemelex Xobeh
Okawaru
Qazlal
Vehumet
Wu Jian
Xom
Yredelemnul
Zin
The Shining One
Jiyva

Shops:
Orc:1 =   Orc:2 (!*:   Snake:2 :(=   Snake:3 [!![!   Vaults:3 (   Depths:1 [[
Depths:2 *

Portals:
Hell: Depths:1 Depths:2 Depths:3 Depths:4
Abyss: Depths:3
Pandemonium: Depths:2 Depths:4

Annotations:
D:4 exclusion: upstairs
D:9 2 transporters, GreenGuy14's ghost, novice MiFi
Lair:4 exclusion: downstairs
Lair:5 1 runed translucent door
Elf:2 3 runed translucent doors


Innate Abilities, Weirdness & Mutations

You are amphibious.
You cover ground slowly.
You can hop long distances.
You have an extended range of vision and can be seen from far away.


Message History

The titan seems less brilliant.
The shadow dragon breathes negative energy at you.
The bolt of negative energy hits you!!
You feel drained.
* * * LOW HITPOINT WARNING * * *
The titan hits you but does no damage.
The yaktaur captain shoots a bolt.
You block the bolt.
You slice the tentacled monstrosity!!
You feel sick.
You are no longer poisoned.
You block the tentacled monstrosity's attack.
The tentacled monstrosity completely misses you.
You block the tentacled monstrosity's attack.
The tentacled monstrosity constricts you.
The titan hits you!!
* * * LOW HITPOINT WARNING * * *
The shadow dragon bites you but does no damage.
You block the shadow dragon's attack. The shadow dragon barely misses you.
You feel much better.
The tentacled monstrosity barely misses you.
The tentacled monstrosity tentacle-slaps you but does no damage.
The tentacled monstrosity tentacle-slaps you.
* * * LOW HITPOINT WARNING * * *
The tentacled monstrosity constricts you.
You block the titan's attack.
The deep elf annihilator points at you and mumbles some strange words.
The poison arrow hits you!!
You are poisoned.
You partially resist.
* * * LOW HITPOINT WARNING * * *
The shadow dragon bites you but does no damage.
You block the shadow dragon's attack. x2
Unknown command.
Hop to where?
Press: ? - help, Dir - move target You escape the tentacled monstrosity's grasp.
Boing!
You feel very sick.
The deep elf annihilator casts a spell at you.
The bolt of lightning hits the titan.
The titan completely resists.
The bolt of lightning hits you!!!
You die...

..#).(#...#### #....#.....##/..
.[+###').)...### #....#....###...
...)'....).....###....#...###)...
....#...........##....#...##.....
...###..........##....#..[)†[...#
..|# #).........##....#..####'###
..## ##.........##....#.## #.###
.?# #........#'#....#.#####....
### ###....###@#.......##...... #
#####'.[.[......[([......
################..C..X.[[########
...................<○............
?.................<.De[..........
...................<<[...........
......................c..........
################...[...C#########
.....D.................


You could see 2 shadow dragons, a tentacled monstrosity, a titan, a fire giant
(empowered), a yaktaur captain and a deep elf annihilator (empowered).

Vanquished Creatures
  A dread lich (Vaults:5)
  A juggernaut (Depths:4)
  Frederick (Vaults:5)
  Nikola (Depths:2)
  4 golden dragons
  7 tentacled monstrosities
  Mlioglotl (Shoals:2)
  A walking crystal tome (Depths:3)
  3 liches
  Asterion (Vaults:2)
  2 quicksilver dragons (Depths:4)
  3 deep elf master archers (Elf:3)
  The ghost of Woitib the Devastator, an adept GrFE of Vehumet (Vaults:4)
  Polyphemus (Shoals:4)
  2 titans
  3 krakens
  7 sphinxes
  Kirke (Shoals:1)
  The ghost of Pileu the Eclecticist, an adept DsFE of Sif Muna (Vaults:4)
  3 tengu reavers
  5 storm dragons
  Ilsuiw (Shoals:3)
  A thorn hunter (Snake:2)
  3 draconian monks
  5 shadow dragons
  8 fire giants
  6 nagarajas
  6 deep elf sorcerers
  The ghost of Zonian the Warrior, an adept TeRe of Ashenzari (Snake:1)
  An iron dragon (Depths:4)
  2 frost giants
  17 vault wardens
  A caustic shrike zombie (Depths:1)
  A draconian stormcaller (Depths:3)
  2 deep elf elementalists (Elf:3)
  5 orc warlords
  2 war gargoyles
  7 ironbound thunderhulks
  A quicksilver ooze (shapeshifter) (Depths:4)
  16 ironbound preservers
  A formless jellyfish (Vaults:1)
  15 stone giants
  A draconian annihilator (Depths:3)
  A spriggan defender (Depths:3)
  35 very ugly things
  2 vampire knights (Depths:3)
  A minotaur (Shoals:4)
  9 dire elephants
  3 deep elf demonologists (Elf:3)
  6 black draconians
  8 red draconians
  9 spark wasps
  5 green draconians (Depths:4)
  Azrael (Snake:1)
  6 white draconians
  12 deep elf annihilators
  7 purple draconians
  8 ettins
  7 yaktaur captains
  5 merfolk impalers
  11 fire dragons
  6 deep elf death magi
  A merfolk javelineer (Shoals:4)
  3 entropy weavers
  7 hydras
  6 deep elf high priests
  5 salamander tyrants (Snake:4)
  35 vault guards
  3 rakshasas
  11 great orbs of eyes
  3 spriggan air magi
  2 peacekeepers
  4 merfolk avatars
  11 ice dragons
  4 ogre magi
  A merfolk aquamancer (Shoals:4)
  11 anacondas
  A two-headed ogre (shapeshifter) (Depths:3)
  3 alligators (Snake:2)
  3 centaur warriors
  7 dancing weapons
  9 ironbound frosthearts
  3 alligator snapping turtles
  A catoblepas (Shoals:3)
  16 satyrs
  7 tengu warriors
  13 naga warriors
  10 two-headed ogres
  3 vampire magi
  2 death yaks (Shoals:4)
  4 deep troll shamans
  3 boulder beetles
  4 spriggan berserkers
  4 deep troll earth magi
  11 naga sharpshooters
  4 shock serpents
  An orc high priest (Orc:2)
  Sonja (Lair:4)
  A soul eater (Depths:2)
  11 hell knights
  7 deep elf knights
  A storm dragon zombie (Vaults:4)
  A fire crab (shapeshifter) (Depths:1)
  7 skysharks
  9 iron trolls
  6 salamander mystics
  A goliath frog (Snake:2)
  3 glowing orange brains (Vaults:3)
  37 deep trolls
  A death drake (Depths:4)
  6 swamp dragons
  14 sea snakes
  Pikel (D:8)
  7 deep elf archers
  A swamp dragon (shapeshifter) (D:13)
  2 phantasmal warriors
  16 ironbound convokers
  A sea snake (shapeshifter) (Depths:3)
  12 naga ritualists
  5 necromancers
  35 deep elf pyromancers
  24 deep elf zephyrmancers
  14 lindwurms
  10 wizards
  19 orc knights
  11 harpies
  A human zombie (Vaults:4)
  An orc sorcerer (Orc:2)
  A frost giant zombie (Depths:1)
  16 mana vipers
  26 ugly things
  12 fauns
  A shadow dragon skeleton (Depths:1)
  A salamander (shapeshifter) (Elf:2)
  18 manticores
  Maurice (Orc:2)
  9 cyclopes
  14 salamanders
  43 black mambas
  4 guardian serpents
  A water nymph (Shoals:2)
  20 naga magi
  18 vault sentinels
  4 elephants
  8 merfolk sirens
  5 torpor snails (Lair:5)
  10 cane toads
  A kobold demonologist (D:10)
  An efreet (D:14)
  2 unseen horrors
  2 rime drakes (Lair:5)
  10 komodo dragons
  28 yaktaurs
  A freezing wraith (Vaults:5)
  A komodo dragon (shapeshifter) (D:13)
  A tormentor (Depths:2)
  A tengu conjurer (Depths:2)
  3 meliai
  12 trolls
  18 merfolk
  A hellwing (Depths:2)
  13 hornets
  2 human skeletons (Vaults:4)
  2 polar bears
  14 blink frogs
  3 tyrant leeches (Lair:5)
  Grinder (D:3)
  A raiju (shapeshifter) (D:13)
  8 wind drakes
  6 saltlings (Orc:2)
  5 snapping turtles
  10 dream sheep
  2 jumping spiders
  10 water elementals
  6 spriggans
  3 air elementals
  42 slime creatures
  A wraith (D:9)
  6 wyverns
  27 yaks
  7 basilisks
  A neqoxec (Depths:2)
  5 humans (Shoals:1)
  9 fire bats (Volcano)
  2 steam dragons (Lair:5)
  3 fire elementals
  2 hogs (Shoals:1)
  A redback (Vaults:3)
  19 vampire mosquitoes
  2 wargs (Orc:2)
  48 nagas
  A swamp worm (Snake:2)
  7 acid dragons
  15 water moccasins
  4 hell hounds (Snake:1)
  A glowing shapeshifter skeleton (Depths:1)
  A black bear (D:5)
  31 orc warriors
  20 ogres
  3 swamp drakes
  An ice beast (D:7)
  5 wolves
  11 centaurs
  6 boggarts
  4 lemures
  32 kobold brigands
  10 bullfrogs
  6 gnoll sergeants (D:11)
  3 earth elementals
  6 scorpions
  An electric eel (Lair:5)
  3 howler monkeys
  9 lava snakes
  A hound (D:5)
  19 orc priests
  5 jellies
  A gnoll bouda (D:9)
  Natasha (thrice) (D:3)
  6 iguanas
  24 orc wizards
  A sleepcap (D:7)
  16 gnolls
  11 adders
  A shadow imp (D:8)
  2 white imps
  2 ufetubi
  2 worms (D:2)
  5 dart slugs
  71 orcs
  14 endoplasms
  7 giant cockroaches
  15 goblins
  7 hobgoblins
  34 kobolds
  11 quokkas
  12 ball pythons
  8 bats
  6 frilled lizards
  6 rats
  5 tentacles
1807 creatures vanquished.

Vanquished Creatures (collateral kills)
  7 blink frogs (Lair:2)
7 creatures vanquished.

Vanquished Creatures (others)
  A fire giant (Depths:3)
  A vault guard (Vaults:5)
  A deep elf knight (Elf:3)
  3 wizards
  A naga ritualist (Snake:4)
  A deep elf pyromancer (D:12)
  A salamander (Volcano)
  A centaur (Lair:3)
  2 orcs (Orc:2)
  An endoplasm (shapeshifter) (Vaults:5)
  18 tentacles
31 creatures vanquished.

Grand Total: 1845 creatures vanquished

Notes
Turn   | Place    | Note
-------+----------+-------------------------------------------
     0 | D:1      | ragingrage the Barachi Brigand began the quest for the Orb.
     0 | D:1      | Reached XP level 1. HP: 17/17 MP: 1/1
    96 | D:1      | Reached XP level 2. HP: 9/23 MP: 2/2
   268 | D:1      | Reached XP level 3. HP: 28/28 MP: 3/3
   368 | D:1      | You fall into a shaft and drop 1 floor!
   724 | D:2      | Reached XP level 4. HP: 34/34 MP: 4/4
  1192 | D:2      | Reached skill level 5 in Short Blades
  1338 | D:2      | Found a faded altar of an unknown god.
  1360 | D:2      | Prayed at the altar of an unknown god.
  1360 | D:2      | Became a worshipper of Warmaster Okawaru
  1360 | D:2      | Reached * piety under Okawaru
  1466 | D:2      | Reached skill level 1 in Long Blades
  1818 | D:3      | Noticed Grinder
  1821 | D:4      | Noticed a scorpion
  1821 | D:4      | Found a radiant altar of Vehumet.
  1821 | D:4      | Found a shadowy altar of Dithmenos.
  1869 | D:4      | Noticed an ogre
  1879 | D:4      | Killed an ogre
  1880 | D:4      | Reached XP level 5. HP: 39/39 MP: 5/5
  1909 | D:4      | Found a snail-covered altar of Cheibriados.
  2012 | D:4      | Reached XP level 6. HP: 32/46 MP: 6/6
  2147 | D:3      | Reached ** piety under Okawaru
  2595 | D:4      | Reached XP level 7. HP: 43/51 MP: 7/7
  3235 | D:5      | Entered Level 5 of the Dungeon
  3235 | D:5      | Found a staircase to the Ecumenical Temple.
  3517 | D:5      | Reached *** piety under Okawaru
  3529 | D:5      | Found a glowing drain.
  3552 | D:5      | Reached XP level 8. HP: 57/57 MP: 8/8
  3574 | Sewer    | Entered a sewer
  4372 | D:5      | Learned a level 3 spell: Confusing Touch
  4670 | D:6      | Reached skill level 5 in Long Blades
  4730 | D:7      | Reached skill level 1 in Hexes
  4753 | D:7      | Reached XP level 9. HP: 62/62 MP: 9/9
  4905 | D:7      | Reached **** piety under Okawaru
  4920 | D:7      | Found a flagged portal.
  4956 | Bailey   | Entered a bailey
  5540 | Bailey   | Found a bloodstained altar of Trog.
  5656 | D:7      | Reached skill level 5 in Dodging
  5678 | D:7      | Reached skill level 5 in Throwing
  5928 | D:7      | Found a white marble altar of Elyvilon.
  6696 | D:8      | Noticed Pikel
  7344 | D:8      | Killed Pikel
  7345 | D:8      | Reached skill level 5 in Hexes
  7345 | D:8      | Reached XP level 10. HP: 56/68 MP: 10/10
  7595 | D:8      | Found a sparkling altar of Nemelex Xobeh.
  7713 | D:9      | Found a staircase to the Lair.
  7787 | D:9      | Found a blossoming altar of Fedhas.
  7859 | D:9      | Found a shimmering altar of Xom.
  7864 | D:9      | Found a shimmering altar of Xom.
  7865 | D:9      | Found a shimmering altar of Xom.
  7866 | D:9      | Found a burning altar of Makhleb.
  8005 | D:9      | Noticed a two-headed ogre
  8006 | D:9      | Identified 2 scrolls of acquirement
  8038 | D:9      | Killed a two-headed ogre
  8038 | D:9      | Reached ***** piety under Okawaru
  8038 | D:9      | Received a gift from Okawaru
  8155 | D:9      | Found a transporter.
  8158 | D:9      | Noticed GreenGuy14's ghost (novice MiFi)
  8161 | D:9      | Noticed a moth of wrath
  8192 | D:9      | Acquired the +0 buckler of the Flute {rPois rF++ Int-4
                  | SInv}
  8208 | D:9      | Found a transporter.
  8498 | D:9      | Found an ancient bone altar of Kikubaaqudgha.
  8516 | D:9      | Found a shimmering altar of Xom.
  8517 | D:9      | Found a shimmering altar of Xom.
  8517 | D:9      | Found a shimmering altar of Xom.
  8646 | D:10     | Entered Level 10 of the Dungeon
  8671 | D:9      | Reached skill level 1 in Shields
  9054 | D:10     | Noticed an unseen horror
  9065 | D:10     | Killed an unseen horror
  9066 | D:10     | Reached skill level 10 in Long Blades
  9326 | D:10     | Reached skill level 1 in Armour
  9459 | D:10     | Reached skill level 3 in Fighting
  9459 | D:10     | Reached skill level 1 in Invocations
  9881 | D:10     | Noticed a four-headed hydra
 10093 | D:10     | Reached XP level 11. HP: 73/75 MP: 12/12
 10430 | D:10     | Reached skill level 4 in Fighting
 10661 | D:10     | Received a gift from Okawaru
 11400 | D:11     | Found a glowing golden altar of the Shining One.
 11401 | D:11     | Noticed a centaur warrior
 11427 | D:11     | Killed a centaur warrior
 11428 | D:11     | Reached skill level 5 in Fighting
 11863 | D:11     | Found a burning altar of Makhleb.
 11865 | D:11     | Noticed a red ugly thing
 12119 | D:11     | Killed a red ugly thing
 12444 | D:11     | Found a staircase to the Orcish Mines.
 12491 | D:11     | Received a gift from Okawaru
 12513 | D:11     | Reached skill level 5 in Armour
 12964 | D:11     | Reached skill level 6 in Fighting
 13145 | D:11     | Found a stormy altar of Qazlal.
 13335 | D:11     | Received a gift from Okawaru
 13512 | Lair:1   | Entered Level 1 of the Lair of Beasts
 13770 | Lair:1   | Received a gift from Okawaru
 13940 | Lair:1   | Reached XP level 12. HP: 82/89 MP: 12/15
 14091 | Lair:1   | Identified the ring "Maxegi Puid" {rElec Str+4 Int+6}
 14469 | Lair:2   | Noticed a skyshark
 14509 | Lair:2   | Killed a skyshark
 14510 | Lair:2   | Reached skill level 7 in Fighting
 14542 | Lair:2   | Reached skill level 5 in Invocations
 14665 | Lair:2   | Reached ****** piety under Okawaru
 14721 | Lair:2   | Found a dark tunnel.
 14729 | Volcano  | Entered a volcano
 14960 | Volcano  | Received a gift from Okawaru
 15016 | Volcano  | Noticed a hell knight
 15023 | Volcano  | Reached skill level 8 in Fighting
 15108 | Volcano  | Killed a hell knight
 15130 | Volcano  | Found a radiant altar of Vehumet.
 15413 | Lair:2   | Found a staircase to the Snake Pit.
 15492 | Lair:2   | Identified the +7 war axe of the Wizarding Priest {venom,
                  | rF- Dex+4}
 15532 | Lair:2   | Noticed a boulder beetle
 15546 | Lair:2   | Gained mutation: You can hop long distances. [Barachi
                  | growth]
 15546 | Lair:2   | Reached XP level 13. HP: 79/99 MP: 17/17
 15861 | Lair:2   | Identified the +3 falchion "Dofiy" {speed, *Corrode Will+
                  | Int+3} (Okawaru gifted it to you on level 2 of the Lair of
                  | Beasts)
 15861 | Lair:2   | Received a gift from Okawaru
 16269 | Lair:3   | Reached skill level 9 in Fighting
 16269 | Lair:3   | Found a staircase to the Shoals.
 17101 | Lair:4   | Noticed Sonja
 17116 | Lair:4   | Killed Sonja
 17310 | Lair:4   | Found a staircase to the Slime Pits.
 17312 | Lair:4   | Found a viscous altar of Jiyva.
 17887 | Lair:5   | Entered Level 5 of the Lair of Beasts
 17912 | Lair:4   | Reached skill level 10 in Fighting
 18297 | Lair:5   | Received a gift from Okawaru
 18364 | Lair:5   | Reached skill level 10 in Armour
 18828 | Lair:5   | Reached skill level 10 in Throwing
 19142 | Lair:5   | Received a gift from Okawaru
 19148 | Lair:5   | Reached XP level 14. HP: 90/110 MP: 18/18
 19548 | Lair:5   | Found a runed translucent door.
 19827 | Lair:5   | Reached skill level 5 in Shields
 19869 | Lair:5   | Identified the +0 helmet of Uqaymono {rN+ Dex-2 Slay+2}
                  | (Okawaru gifted it to you on level 5 of the Lair of Beasts)
 19869 | Lair:5   | Received a gift from Okawaru
 21237 | D:12     | Identified the +8 flail "Muegigh" {heavy, +Blink rPois
                  | rCorr}
 21962 | D:3      | Killed Grinder
 22056 | D:3      | Noticed Natasha
 22063 | D:3      | Killed Natasha
 22076 | D:3      | Noticed Natasha
 22094 | D:3      | Killed Natasha
 22180 | D:3      | Noticed Natasha
 22184 | D:3      | Killed Natasha
 22187 | D:3      | Acquired 1109 gold pieces
 22455 | Orc:1    | Entered Level 1 of the Orcish Mines
 22614 | Orc:2    | Entered Level 2 of the Orcish Mines
 22804 | Orc:2    | Found a staircase to the Elven Halls.
 22816 | Orc:1    | Found Kucleleplu's Jewellery Emporium.
 23147 | Orc:1    | Bought an amulet of regeneration for 480 gold pieces
 23218 | Orc:1    | Bought a +4 ring of protection for 576 gold pieces
 23277 | Orc:2    | Received a gift from Okawaru
 23466 | Orc:1    | Noticed an orc warlord
 23528 | Orc:2    | Killed an orc warlord
 23532 | Orc:2    | Received a gift from Okawaru
 23643 | Orc:2    | Noticed Maurice
 23662 | Orc:2    | Killed Maurice
 23871 | Orc:2    | Reached XP level 15. HP: 111/115 MP: 19/19
 23927 | Orc:2    | Received a gift from Okawaru
 23990 | Orc:2    | Reached skill level 10 in Dodging
 24016 | Orc:2    | Found Qemove's Antique Weapon Emporium.
 24022 | Orc:2    | Bought a scorched great sword for 322 gold pieces
 24022 | Orc:2    | Identified the +8 great sword of the Shining Light {freeze,
                  | rN+ Dex+2} (You bought it in a shop on level 2 of the
                  | Orcish Mines)
 24061 | Orc:2    | Found Umischuf's Assorted Antiques.
 24088 | Orc:2    | Received a gift from Okawaru
 24151 | Orc:2    | Found Puracuc's Distillery.
 24162 | Orc:2    | Bought a potion of haste for 180 gold pieces
 24162 | Orc:2    | Bought a potion of heal wounds for 90 gold pieces
 24162 | Orc:2    | Bought a potion of heal wounds for 90 gold pieces
 24162 | Orc:2    | Bought a potion of might for 72 gold pieces
 24222 | Orc:2    | Found Rexois's Book Boutique.
 24353 | Orc:2    | Bought a manual of Fighting for 1280 gold pieces
 24784 | D:13     | Received a gift from Okawaru
 24954 | D:13     | Upgraded the game from 0.31-a0-133-gaae73658be to
                  | 0.31-a0-145-g046c7d2549
 24963 | D:13     | Identified the +2 scale mail of Greed {Rampage *Corrode
                  | rPois Int+9} (Okawaru gifted it to you on level 13 of the
                  | Dungeon)
 24963 | D:13     | Received a gift from Okawaru
 25585 | D:13     | Learned a level 3 spell: Vhi's Electric Charge
 25647 | D:14     | Found a gate to the Vaults.
 25796 | D:13     | Reached skill level 11 in Fighting
 26958 | D:15     | Entered Level 15 of the Dungeon
 26995 | D:15     | Reached skill level 12 in Fighting
 27157 | D:15     | Acquired a manual of Invocations
 27402 | D:15     | Identified the ring of Biyfox {Fly rC- Will++ Str+3 Dex+3}
 27566 | D:15     | Found a staircase to the Depths.
 27851 | D:15     | Received a gift from Okawaru
 27991 | D:15     | Reached skill level 13 in Fighting
 28034 | D:15     | Reached XP level 16. HP: 111/131 MP: 20/20
 28322 | Snake:1  | Entered Level 1 of the Snake Pit
 28645 | Snake:1  | Found a stormy altar of Qazlal.
 28646 | Snake:1  | Acquired 653 gold pieces
 28648 | Snake:1  | Acquired the ring "Hopud" {Ice rPois Will++ Dex+3 Stlth+}
 29060 | Snake:1  | Reached skill level 14 in Fighting
 29112 | Snake:1  | Noticed Azrael
 29132 | Snake:1  | Killed Azrael
 29429 | Snake:1  | Reached skill level 15 in Fighting
 29491 | Snake:1  | Identified the +2 chain mail of Articulation {rPois rF+
                  | Int+2 Dex+3} (Okawaru gifted it to you on level 1 of the
                  | Snake Pit)
 29491 | Snake:1  | Received a gift from Okawaru
 29538 | Snake:1  | Found a runed translucent door.
 29608 | Snake:1  | Noticed Zonian's ghost (adept TeRe)
 29810 | Snake:1  | Killed Zonian's ghost
 30214 | Snake:2  | Noticed a tentacled monstrosity
 30240 | Snake:2  | Killed a tentacled monstrosity
 30241 | Snake:2  | Reached skill level 16 in Fighting
 30520 | Snake:2  | Noticed a thorn hunter
 30534 | Snake:2  | Killed a thorn hunter
 30609 | Snake:2  | Noticed a nagaraja
 30706 | Snake:2  | Killed a nagaraja
 30706 | Snake:2  | Identified the +2 robe "Ydazioxt" {rC+++ Int-5 Slay+4
                  | Stlth-} (Okawaru gifted it to you on level 2 of the Snake
                  | Pit)
 30706 | Snake:2  | Received a gift from Okawaru
 30854 | Snake:2  | Reached skill level 17 in Fighting
 31240 | Snake:2  | Reached XP level 17. HP: 144/149 MP: 21/21
 31341 | Snake:2  | Found Reaxtuut's Book Boutique.
 31353 | Snake:2  | Reached skill level 15 in Long Blades
 31474 | Snake:2  | Found Asatt's Weapon Shop.
 31476 | Snake:2  | Found Foepunauf's Jewellery Boutique.
 31491 | Snake:2  | Bought a throwing net for 42 gold pieces
 32428 | Snake:3  | Found Zeupreff's Distillery.
 32437 | Snake:3  | Bought a potion of might for 60 gold pieces
 32957 | Snake:3  | Received a gift from Okawaru
 33125 | Snake:3  | Received a gift from Okawaru
 33249 | Snake:3  | Found Giedyant's Distillery.
 33250 | Snake:3  | Found Qimyly's Antique Armour Shoppe.
 33251 | Snake:3  | Found Otenk's Armour Emporium.
 33254 | Snake:3  | Found Laegh's Distillery.
 33263 | Snake:3  | Bought a potion of cancellation for 96 gold pieces
 33263 | Snake:3  | Bought 2 potions of lignification for 72 gold pieces
 33274 | Snake:3  | Bought a faintly humming chain mail for 361 gold pieces
 33274 | Snake:3  | Identified the +4 chain mail of Brilliance {rC+} (You
                  | bought it in a shop on level 3 of the Snake Pit)
 33798 | Snake:4  | Entered Level 4 of the Snake Pit
 35677 | Snake:4  | Reached XP level 18. HP: 130/156 MP: 23/23
 35869 | Snake:4  | Received a gift from Okawaru
 36206 | Snake:4  | Got a serpentine rune of Zot
 37089 | Shoals:1 | Entered Level 1 of the Shoals
 37443 | Shoals:1 | Noticed Kirke
 37456 | Shoals:1 | Killed Kirke
 38099 | Shoals:2 | Reached skill level 10 in Invocations
 38411 | Shoals:2 | Noticed Mlioglotl
 38419 | Shoals:2 | Killed Mlioglotl
 38444 | Shoals:2 | Received a gift from Okawaru
 38523 | Shoals:2 | Received a gift from Okawaru
 38916 | Shoals:3 | Noticed Ilsuiw
 39398 | Shoals:3 | Killed Ilsuiw
 40072 | Shoals:3 | Learned a level 2 spell: Wereblood
 40193 | Shoals:4 | Entered Level 4 of the Shoals
 40234 | Shoals:4 | Reached skill level 1 in Transmutations
 40765 | Shoals:4 | Received a gift from Okawaru
 41734 | Shoals:4 | Identified the +0 ring mail "Hiptajuew" {rF+ Str+3 Stlth+}
 41855 | Shoals:4 | Received a gift from Okawaru
 41856 | Shoals:4 | Reached XP level 19. HP: 118/162 MP: 27/27
 42145 | Shoals:4 | Noticed Polyphemus
 42155 | Shoals:4 | Killed Polyphemus
 42160 | Shoals:4 | Reached skill level 15 in Throwing
 43130 | Shoals:4 | Reached skill level 5 in Transmutations
 43262 | Shoals:4 | Received a gift from Okawaru
 43305 | Shoals:4 | Got a barnacled rune of Zot
 44255 | Elf:1    | Entered Level 1 of the Elven Halls
 44255 | Elf:1    | Found a runed translucent gate.
 44255 | Elf:1    | Found a runed translucent gate.
 44255 | Elf:1    | Found a runed translucent gate.
 44255 | Elf:1    | Found a runed translucent gate.
 44255 | Elf:1    | Found a runed translucent gate.
 44255 | Elf:1    | Found a runed translucent gate.
 44255 | Elf:1    | Found a runed translucent door.
 44255 | Elf:1    | Found a runed translucent door.
 44490 | Elf:1    | Reached skill level 18 in Fighting
 44617 | Elf:1    | Found a portal to a secret trove of treasure.
 44735 | Elf:1    | Got Huent's Lessons on Damage
 44793 | Trove    | Entered a treasure trove
 44810 | Trove    | Identified the ring "Qair" {Int+5 Dex+4 Slay+4}
 44815 | Trove    | Identified the amulet "Ikhlumu" {Faith rN+++ MP+9 Str-3
                  | Int+3}
 44824 | Trove    | Identified the ring "Jiriley" {rCorr Str+6 Dex-3}
 45790 | Elf:2    | Found a runed translucent gate.
 45790 | Elf:2    | Found a runed translucent gate.
 45797 | Elf:2    | Found a runed translucent gate.
 46027 | Elf:2    | Acquired 292 gold pieces
 46275 | Elf:3    | Entered Level 3 of the Elven Halls
 46637 | Elf:3    | Reached skill level 15 in Dodging
 46900 | Elf:3    | Reached skill level 1 in Evocations
 46986 | Elf:3    | Reached XP level 20. HP: 170/170 MP: 29/29
 47522 | Elf:3    | Reached skill level 5 in Evocations
 47601 | Elf:3    | Identified the +4 morningstar of Wariness {holy, rPois
                  | Will+++ Str+5}
 47854 | Elf:3    | Identified the +10 dagger "Walyl" {speed, rC- Will++ Int+4}
 47855 | Elf:3    | Identified the staff of cold "Qiny" {rF- rC+ rCorr Str+3
                  | Dex+5}
 47885 | Elf:3    | Got the Volume of the Lofty Charnel House
 47894 | Elf:3    | Got Hutuxta's Omnibus of Assaults
 47925 | Elf:3    | Got the Folio of the Barrage
 47931 | Elf:3    | Identified the +4 ring mail of the Saviour {Harm +Inv Will-
                  | rCorr}
 48130 | Elf:3    | Received a gift from Okawaru
 48459 | Vaults:1 | Entered Level 1 of the Vaults
 48776 | Vaults:2 | Received a gift from Okawaru
 49168 | Vaults:2 | Noticed Asterion
 49181 | Vaults:2 | Reached skill level 10 in Evocations
 49196 | Vaults:2 | Killed Asterion
 50194 | Vaults:1 | Received a gift from Okawaru
 50533 | Vaults:1 | Reached XP level 21. HP: 167/177 MP: 30/30
 50535 | Vaults:1 | Identified the +2 hat of Orthodoxy {*Slow Str+4 Dex+2
                  | Stlth+} (Okawaru gifted it to you on level 1 of the Vaults)
 50535 | Vaults:1 | Received a gift from Okawaru
 51742 | Vaults:2 | Identified the +4 ring mail of Leaves {rF++ Will++ Str+2}
 52161 | Vaults:3 | Reached skill level 15 in Evocations
 52507 | Vaults:3 | Found a staircase to the Crypt.
 52507 | Vaults:3 | Found an ancient bone altar of Kikubaaqudgha.
 52507 | Vaults:3 | Found a basalt altar of Yredelemnul.
 52524 | Vaults:3 | Found Nesueced's Weapon Shop.
 52571 | Vaults:3 | Reached skill level 15 in Armour
 52874 | Vaults:3 | Received a gift from Okawaru
 53942 | Vaults:4 | Received a gift from Okawaru
 54213 | Vaults:4 | Received a gift from Okawaru
 54237 | Vaults:4 | Reached XP level 22. HP: 166/186 MP: 31/31
 54273 | Vaults:4 | Reached skill level 19 in Fighting
 54758 | Vaults:4 | Found a runed translucent gate.
 54758 | Vaults:4 | Found a runed translucent gate.
 54758 | Vaults:4 | Found a runed translucent gate.
 54758 | Vaults:4 | Noticed Pileu's ghost (adept DsFE)
 54758 | Vaults:4 | Noticed Woitib's ghost (adept GrFE)
 55020 | Vaults:4 | Killed Woitib's ghost
 55028 | Vaults:4 | Killed Pileu's ghost
 55028 | Vaults:4 | Identified the +1 chain mail of Polytheism {rF+ Str+3}
                  | (Okawaru gifted it to you on level 4 of the Vaults)
 55028 | Vaults:4 | Received a gift from Okawaru
 55039 | Vaults:4 | Reached XP level 23. HP: 164/196 MP: 32/32
 55244 | Depths:1 | Entered Level 1 of the Depths
 55287 | Depths:1 | Reached skill level 20 in Fighting
 55350 | Depths:1 | Found Denauklo's Antique Armour Shoppe.
 55364 | Depths:1 | Found an ornate altar of the Wu Jian Council.
 55406 | Depths:1 | Found Iladek's Antique Armour Shoppe.
 55458 | Depths:1 | Bought an embroidered hat for 231 gold pieces
 55510 | Depths:1 | Bought a shiny helmet for 307 gold pieces
 56303 | Depths:1 | Found a gateway to Hell.
 56815 | Depths:2 | Reached skill level 10 in Shields
 57843 | Depths:2 | Noticed Nikola
 57978 | Depths:2 | Killed Nikola
 58273 | Depths:2 | Received a gift from Okawaru
 58882 | Depths:2 | Found Cuxoveet's Serpentskin Sales.
 58950 | Depths:2 | Found a blossoming altar of Fedhas.
 59108 | Depths:2 | Found a one-way gate leading to the halls of Pandemonium.
 59847 | Depths:3 | Received a gift from Okawaru
 59952 | Depths:3 | Reached XP level 24. HP: 204/204 MP: 32/32
 60090 | Depths:3 | Found a glowing silver altar of Zin.
 60091 | Depths:3 | Found a glowing golden altar of the Shining One.
 60092 | Depths:3 | Found a white marble altar of Elyvilon.
 60184 | Depths:3 | Received a gift from Okawaru
 60191 | Depths:3 | Found a one-way gate to the infinite horrors of the Abyss.
 60355 | Depths:3 | Identified the staff of cold "Tesubuedd" {rC+ Str+3 Int+3
                  | Dex+3}
 60862 | Depths:3 | Received a gift from Okawaru
 61249 | Depths:4 | Entered Level 4 of the Depths
 61285 | Depths:4 | Received a gift from Okawaru
 61289 | Depths:4 | Reached skill level 15 in Shields
 61342 | Depths:4 | Noticed a juggernaut
 61356 | Depths:4 | Killed a juggernaut
 61596 | Depths:4 | Identified the +0 kite shield of the Sturgeon {rPois Int+5}
                  | (Okawaru gifted it to you on level 4 of the Depths)
 61596 | Depths:4 | Received a gift from Okawaru
 63301 | Depths:4 | Found a gate to the Realm of Zot.
 63328 | Depths:4 | Reached XP level 25. HP: 193/211 MP: 32/32
 63651 | Depths:4 | Found the ring of the Tortoise {AC+8}
 63942 | Vaults:5 | Entered Level 5 of the Vaults
 63966 | Vaults:5 | Received a gift from Okawaru
 64123 | Vaults:5 | Got a silver rune of Zot
 64437 | Vaults:5 | Received a gift from Okawaru
 64471 | Vaults:5 | Identified the +7 long sword "Ogrebane" {holy, MP+9 Stlth+}
 64599 | Vaults:5 | Noticed a dread lich
 64909 | Vaults:5 | Killed a dread lich
 64939 | Vaults:5 | Noticed Frederick
 64959 | Vaults:5 | Killed Frederick
 65071 | Vaults:5 | Reached skill level 21 in Fighting
 65095 | Vaults:5 | Identified the +1 long sword "Wyrefeo" {venom, rC+ Stlth+}
 65480 | Vaults:5 | Identified the ring of Ameaptul {rF+ rN++ Will- Dex+4}
 66019 | Vaults:5 | Killed from afar by a deep elf annihilator

Illustrated notes

Levels and vault maps discovered:
D:1:      dpeg_arrival_stone_temple_mockup, layout_rooms, minivault_14,
          minmay_heptomino_h4
D:2:      wander_river, layout_basic, shapermc_ecumenical_altar_mp_highgroup,
          kennysheep_generic_room_13
D:3:      layout_rooms, uniq_natasha, uniq_grinder
D:4:      layout_cave_pools, nicolae_overflow_hidden_temple,
          chequers_temple_overflow_statue_of_worship, guppyfry_early_orc_mine
D:5:      layout_cave_pools, minmay_temple_entry_purple_smoke,
          portal_sewer_entry_b, minmay_misc_feat_more_columns,
          kennysheep_minor_cross, hangedman_decor_points
D:6:      corexii_shack_village, layout_gridville, st_stairs_6
D:7:      layout_cave_pods, kennysheep_mini_moat, enter_bailey_5
D:8:      layout_basic, mainiacjoe_overflow_brackets, uniq_pikel
D:9:      layout_loops_ring, bloody_makhleb, xom_redecorated,
          kiku_gazebo_pond_becter, fedhas_altar_1, lair_entry_dummy,
          gammafunk_ghost_berserking_beasts
D:10:     layout_layer_cave, special_room [special_room_kobold],
          lightli_corner_chamber
D:11:     layout_irregular_city, kennysheep_orc_monster_closet_entryway,
          hangedman_feature_mirror, nicolae_qazlal_eye_of_the_storm
D:12:     layout_stronghold, elves_outpost_lemuel
D:13:     layout_basic
D:14:     layout_basic, erik_vaults_2, dreamdust_mushroom_princess
D:15:     hangedman_depths_entry_try_elsewhere_first, layout_irregular_city,
          minmay_splitting_lines
Lair:1:   layout_roguey, serial_bayou_shore_b, serial_bayou_shore_b,
          serial_bayou_shore_b
Lair:2:   layout_roguey, nicolae_snake_entry_warm_welcome,
          nicolae_volcano_entry_hallway, grunt_megastairs_5
Lair:3:   layout_loops_ring, minmay_shoals_entry_centaurs,
          infiniplex_staircase_pool_2
Lair:4:   layout_cellular_growth, nicolae_slime_entry_slimehenge, st_stairs_10,
          uniq_sonja
Lair:5:   guppyfry_lair_end_dragon, layout_cave_pods, wormcave, serial_bayou,
          serial_bayou_pond_b, serial_bayou_pond_d, serial_bayou_shore_b,
          serial_bayou_crossing, serial_bayou_pond_e, serial_bayou_pond_d
Shoals:1: layout_shoals, uniq_kirke
Shoals:2: layout_shoals, uniq_mlioglotl
Shoals:3: layout_shoals, abandoned_shop, uniq_ilsuiw
Shoals:4: shoals_end_hellmonk_lost_city, uniq_polyphemus
Snake:1:  layout_onion_interference, ebering_ghost_inner_flame, basic_altar,
          uniq_azrael
Snake:2:  onia_ninara_swampy_vault, layout_onion, minmay_shop_star,
          serial_bayou_shore_b
Snake:3:  layout_chambers, serial_shops, shop, grunt_megastairs_4,
          minmay_shoptagon
Snake:4:  minmay_snake_end_coiled, layout_cave_town
Orc:1:    layout_diamond_mine, serial_shops, shop_coins
Orc:2:    hellmonk_orc_salted, layout_diamond_mine, minmay_orc_temple_a,
          uniq_maurice
Elf:1:    nicolae_elf_arrival_dilemma, layout_loops_cross,
          nicolae_trove_entry_crystal, minmay_elf_annihilation
Elf:2:    nicolae_elf_blades_splatter_lattice
          [nicolae_blade_entry_diamond_columns], layout_geoelf_octagon,
          nicolae_twisting_strands
Elf:3:    minmay_elf_hall_quartered_circle, layout_gridlike, grunt_ministairs_8,
          st_stairs_4, dk_noncrumbling_3
Vaults:1: ontoclasm_vaults_ring_small, nicolae_vaults_closet_pinwheel_6,
          nicolae_vaults_octothorpe, v_pattern_1,
          nicolae_vaults_variable_pillar_hall, nicolae_vaults_double_plus_1,
          layout_vaults_quadrants
Vaults:2: v_rooms_6, ontoclasm_vaults_chip, v_misc_1,
          ontoclasm_vaults_claustrophobia, nicolae_vaults_ring_of_whatevers,
          vaults_room_stairs_pillars, ontoclasm_vaults_hangar,
          vaults_dpeg_spiral, nicolae_vaults_mini_display_case,
          nicolae_vaults_security_offices_1, nicolae_vaults_tetromino_L_1,
          layout_vaults_omnicross, uniq_asterion
Vaults:3: minmay_crypt_entry_necro_gods, dpeg_vaults_monster_box,
          nicolae_vaults_puzzle_piece, nicolae_vaults_lightning_bolt,
          nicolae_vaults_little_squares_6, nicolae_vaults_turnstiles,
          v_alt_pattern_3, nicolae_vaults_apartment_2,
          nicolae_vaults_taking_the_gang_shopping,
          nicolae_vaults_storage_room_statues, v_pattern_5,
          nicolae_vaults_house_3, hangedman_vaults_stagger,
          grunt_vaults_hallway_short, ontoclasm_vaults_loading_screen,
          layout_vaults_maze_snakey
Vaults:4: gammafunk_ghost_cemetery, grunt_vaults_funnel,
          nicolae_vaults_diamond_2, vaults_mumra_hex, ontoclasm_vaults_hangar,
          nicolae_vaults_spaceships, nicolae_vaults_wrenched,
          nicolae_vaults_stepped_doors, v_alt_pattern_6,
          nicolae_vaults_layer_cake_slice, nicolae_vaults_little_squares_4,
          v_misc_23, nicolae_vaults_apartment_2, v_alt_pattern_1,
          nicolae_vaults_little_squares_1, vaults_dpeg_encased_lava,
          layout_vaults_ring
Vaults:5: serial_shops, uniq_frederick, uniq_jory
Depths:1: layout_cave_pools, grunt_metal_band, serial_shops, shop,
          nicolae_shop_dealshenge, nzn_wu_jian_contemplation,
          kennysheep_kite_vault
Depths:2: dreamdust_experimentation, layout_cave_shapes, rand_demon_pan_entry_5,
          lemuel_round_altar, hell_entry, guppyfry_shop_venom,
          serial_bayou_shore_a, nicolae_triple_integral, uniq_nikola
Depths:3: minmay_the_grid_octo_tiled_squarecenter [minmay_the_grid_octo_toaster,
          minmay_the_grid_octo_fat_diamond, minmay_the_grid_octo_chip,
          minmay_the_grid_octo_fan_narrow,
          minmay_the_grid_square_5x5_megaprize_crossed,
          minmay_the_grid_square_5x5_two_walls_a, minmay_the_grid_square_5x5_v,
          minmay_the_grid_square_5x5_hollow_slash,
          minmay_the_grid_square_5x5_moneybag], layout_honeycomb,
          abyss_entry_glasseish, good_gods_temple_1, grunt_hell_entry_dis_mu,
          corner_web_ring
Depths:4: lemuel_castle_with_subvaults [lemuel_castle_interior_original],
          layout_honeycomb, enter_ziggurat_a, pf_hell_entry_tar_spiral,
          pan_entry, reono_crystal_passage, chequers_serial_rivers_large_b,
          minmay_guarded_unrand_tortoise, minmay_shop_grove

Skill      XL: |  1  2  3  4  5  6  7  8  9 10 11 12 13 14 15 16 17 18 19 20 21 22 23 24 25 |
---------------+----------------------------------------------------------------------------+-----
Short Blades   | 3 4 5 7 9 |  9.7
Long Blades    | 3 5 7 10 12 13 14 19 | 19.0
Dodging        | 3 6 9 12 14 15 16 17 18 | 18.4
Throwing       | 3 5 6 7 10 12 14 16 18 | 18.0
Hexes          | 1 5 6 7 8 |  8.0
Shields        | 4 7 13 15 16 | 16.5
Armour         | 2 6 7 11 14 16 17 | 17.0
Fighting       | 3 6 8 10 13 17 18 19 20 21 | 21.0
Invocations    | 1 4 5 6 7 11 12 | 12.0
Transmutations | 3 8 9 |  9.0
Evocations     | 1 13 15 17 | 17.0
Stealth        | |  3.6

Action                     |  1- 3 |  4- 6 |  7- 9 | 10-12 | 13-15 | 16-18 | 19-21 | 22-24 | 25-27 || total
---------------------------+-------+-------+-------+-------+-------+-------+-------+-------+-------++-------
  Melee: Dagger            |   117 |    88 |    31 |       |       |       |       |       |       ||   236
         Punch             |     2 |     3 |     8 |       |       |       |       |       |       ||    13
         Long sword        |       |    18 |       |    55 |       |       |       |       |       ||    73
         Short sword       |       |   141 |   517 |  1461 |       |       |       |       |       ||  2119
         Scimitar          |       |       |       |    56 |  1392 |  1271 |       |       |       ||  2719
         Great sword       |       |       |       |       |     4 |   338 |  1439 |   141 |       ||  1922
         Demon blade       |       |       |       |       |       |       |       |  1329 |   511 ||  1840
   Fire: Orcbow            |       |       |     8 |       |       |       |       |       |       ||     8
         Shortbow          |       |       |     6 |       |       |       |       |       |       ||     6
  Throw: Dart              |    10 |     6 |    29 |    22 |   191 |    90 |    60 |     7 |       ||   415
         Boomerang         |       |       |     6 |    83 |    97 |   161 |    24 |   102 |    21 ||   494
         Throwing net      |       |       |       |       |     1 |       |       |       |       ||     1
         Javelin           |       |       |       |       |    10 |       |     4 |    12 |    10 ||    36
   Cast: Confusing Touch   |       |       |       |    13 |       |       |       |       |       ||    13
         Wereblood         |       |       |       |       |       |       |    29 |    41 |    14 ||    84
 Invoke: Heroism           |       |       |     2 |     5 |     8 |     2 |       |     2 |     1 ||    20
         Finesse           |       |       |       |     2 |       |     2 |     1 |     1 |       ||     6
Ability: Hop               |       |     4 |     6 |     8 |    12 |    12 |     6 |     7 |     2 ||    57
  Evoke: Wand              |       |       |       |     1 |     2 |     3 |     2 |       |       ||     8
         Lightning rod     |       |       |       |       |       |     4 |       |     4 |       ||     8
         Tin of tremorston |       |       |       |       |       |     1 |     3 |     3 |     1 ||     8
         Phial of floods   |       |       |       |       |       |       |       |     1 |     1 ||     2
    Use: Scroll            |       |     2 |     3 |     3 |    18 |     5 |     1 |     6 |     4 ||    42
         Potion            |       |       |     8 |       |     2 |     1 |     1 |     4 |     3 ||    19
   Stab: Sleeping          |     7 |     3 |     4 |     5 |     7 |     1 |    11 |     5 |     1 ||    44
         Distracted        |       |     1 |       |     1 |     2 |     1 |     1 |     1 |     1 ||     8
         Confused          |       |       |       |    15 |       |       |       |       |       ||    15
         Held in net/web   |       |       |       |       |     1 |       |       |       |       ||     1
         Petrified         |       |       |       |       |       |       |     4 |       |       ||     4
         Invisible         |       |       |       |       |       |       |       |     3 |       ||     3
 Armour: Robe              |    20 |    54 |       |       |       |       |       |       |       ||    74
         Ring mail         |       |     1 |   147 |    50 |   214 |    56 |   124 |   409 |   128 ||  1129
         Acid dragon scale |       |       |       |   127 |       |       |       |       |       ||   127
         Troll leather arm |       |       |       |   150 |   209 |       |       |       |       ||   359
         Skin              |       |       |       |       |     2 |       |       |       |       ||     2
         Chain mail        |       |       |       |       |       |   763 |   420 |       |       ||  1183
  Dodge: Dodged            |    65 |   115 |   231 |   626 |   806 |  1066 |  1071 |  1020 |   249 ||  5249
  Block: Buckler           |       |       |       |   252 |   299 |   409 |       |       |       ||   960
         Kite shield       |       |       |       |       |       |       |       |   912 |   286 ||  1198

Table legend: (Time is in decaauts)
 A = Elapsed time spent in this place.
 B = Non-inter-level travel time spent in this place.
 C = Inter-level travel time spent in this place.
 D = Time resting spent in this place.
 E = Time spent auto-exploring this place.
 F = Levels seen in this place.
 G = Mean time per level.
                   A        B        C        D        E       F      G
               +--------+--------+--------+--------+--------+-----+--------+
         Total |  70121 |  63655 |   6466 |  14043 |  32786 |  46 | 1524.4 |
       Dungeon |  20642 |  17698 |   2944 |   3338 |  10134 |  15 | 1376.1 |
          Lair |   7576 |   6385 |   1191 |    705 |   3827 |   5 | 1515.2 |
        Shoals |   7019 |   6712 |    307 |   2554 |   2522 |   4 | 1754.8 |
     Snake Pit |   9268 |   8986 |    282 |   2222 |   4433 |   4 | 2317.0 |
  Orcish Mines |   2408 |   2135 |    273 |    325 |   1098 |   2 | 1204.0 |
   Elven Halls |   4395 |   4112 |    283 |   1008 |   2085 |   3 | 1465.0 |
        Vaults |   9695 |   8878 |    817 |   1909 |   4733 |   5 | 1939.0 |
        Depths |   7491 |   7126 |    365 |   1462 |   3576 |   4 | 1872.8 |
         Trove |     59 |     59 |      0 |      0 |     10 |   1 |   59.0 |
         Sewer |    477 |    477 |      0 |     95 |    238 |   1 |  477.0 |
        Bailey |    629 |    629 |      0 |    375 |     35 |   1 |  629.0 |
       Volcano |    456 |    456 |      0 |     46 |     90 |   1 |  456.0 |
               +--------+--------+--------+--------+--------+-----+--------+

Top non-repeatable levels by time:
 Snake:4: 3312 daAuts
    D:10: 2922 daAuts
Shoals:4: 2908 daAuts
Vaults:4: 2871 daAuts
Depths:3: 2688 daAuts
  Lair:5: 2401 daAuts
Vaults:2: 2373 daAuts
 Snake:3: 2218 daAuts
    D:11: 2043 daAuts
 Snake:2: 2040 daAuts
   Elf:3: 2007 daAuts
Depths:2: 1949 daAuts
    D:14: 1826 daAuts
     D:9: 1811 daAuts
   Orc:2: 1786 daAuts
